 Dungeon Crawl Stone Soup version 0.31-a0-208-gdb31a4691d (webtiles) character file.

Game seed: 11818196833911813696

7617 bobo the Thaumaturge (level 10, -8/60 HPs)
             Began as a Deep Elf Fire Elementalist on June 28, 2023.
             Was an Elder of Vehumet.
             Mangled by a four-headed hydra (9 damage)
             ... on level 1 of the Lair of Beasts on June 29, 2023.
             The game lasted 00:37:30 (9176 turns).

bobo the Thaumaturge (Deep Elf Fire Elementalist)   Turns: 9176, Time: 00:37:32

Health: -8/60      AC: 10    Str:  5    XL:     10   Next: 98%
Magic:  3/26       EV: 12    Int: 25    God:    Vehumet [****..]
Gold:   576        SH:  5    Dex: 15    Spells: 7/29 levels left

rFire   + . .        y - staff of cold
rCold   . . .        F - +0 buckler
rNeg    . . .        q - +2 robe
rPois   .            E - +0 helmet
rElec   .            D - +2 cloak
rCorr   .            k - +1 pair of gloves
SInv    .            (no boots)
Will    +....        (no amulet)
Stlth   ++           v - ring of fire
HPRegen 0.30/turn    (no ring)
MPRegen 0.20/turn

%: no passive effects
@: about to teleport, studying Unarmed Combat
A: no striking features
a: Renounce Religion


You were on level 1 of the Lair of Beasts.
You worshipped Vehumet.
Vehumet was greatly pleased with you.
You visited 2 branches of the dungeon, and saw 9 of its levels.

You collected 630 gold pieces.
You spent 54 gold pieces at shops.

Inventory:

Hand Weapons
 G - a +5 short sword of freezing
Armour
 k - a +1 pair of gloves (worn)
 q - a +2 robe (worn)
 D - a +2 cloak (worn)
 E - a +0 helmet (worn)
 F - a +0 buckler (worn)
Magical Staves
 y - a staff of cold (weapon)
Jewellery
 v - a ring of fire (left hand)
Wands
 B - a wand of flame (13)
 C - a wand of light (8)
Scrolls
 a - a scroll of teleportation
 c - 2 scrolls of enchant armour
 g - a scroll of immolation
 h - 4 scrolls of poison
 j - 2 scrolls of summoning
 o - a scroll of revelation {unknown}
 p - a scroll of enchant weapon {unknown}
 r - a scroll of acquirement {unknown}
 H - a scroll of fog {unknown}
Potions
 b - a potion of magic
 d - a potion of might {unknown}
 e - 4 potions of brilliance
 f - 2 potions of mutation {unknown}
 i - 4 potions of heal wounds
 l - a potion of cancellation {unknown}
 m - 2 potions of lignification
 n - a potion of resistance {unknown}
 s - a potion of attraction {unknown}
 t - a potion of berserk rage {unknown}
 u - a potion of ambrosia {unknown}
 w - 2 potions of enlightenment
 x - 2 potions of curing {unknown}
 z - 4 potions of degeneration {unknown}
 A - a potion of haste


   Skills:
 + Level 5.8 Fighting
 - Level 2.4 Dodging
 - Level 2.4 Stealth
 * Level 5.0 Shields
 + Level 10.0 Spellcasting
 + Level 7.8 Conjurations
 - Level 3.7 Hexes
 - Level 5.0 Translocations
 + Level 2.1 Transmutations
 - Level 7.5 Fire Magic
 + Level 4.5 Poison Magic


You had 7 spell levels left.
You knew the following spells:

 Your Spells              Type           Power      Damage    Failure   Level
a - Foxfire               Conj/Fire      100%       2x1d9     1%          1
e - Inner Flame           Hex/Fire       57%        N/A       1%          3
i - Ignite Poison         Fire/Tmut/Pois 53%        N/A       1%          3
o - Olgreb's Toxic Radia  Pois           35%        N/A       3%          4
s - Scorch                Fire           100%       2d9       1%          2
w - Flame Wave            Conj/Fire      67%        2d15      1%          4
x - Shock                 Conj/Air       100%       1d9       1%          1
S - Momentum Strike       Conj/Tloc      88%        3d10      1%          2
Z - Blink                 Tloc           74%        N/A       1%          2

Your spell library contained the following spells:

 Spells                   Type           Power      Damage    Failure   Level
 Kiss of Death            Conj/Necr      100%       2d13      1%          1
 Lesser Beckoning         Tloc           74%        N/A       1%          2
 Stone Arrow              Conj/Erth      64%        3d11      1%          3
 Volatile Blastmotes      Fire/Tloc      100%       2d18      1%          3
 Iskenderun's Mystic Bla  Conj/Tloc      44%        2d10      1%          4
 Fulminant Prism          Conj/Hex       20%        3d12      2%          4
 Confusing Touch          Hex            31%        N/A       5%          3
 Frozen Ramparts          Ice            36%        1d6       7%          3
 Yara's Violent Unravell  Hex/Tmut       13%        3d7       17%         5
 Ice Form                 Ice/Tmut       26%        N/A       47%         4
 Lee's Rapid Deconstruct  Erth           6%         3d6*      47%         5
 Dispel Undead            Necr           12%        3d9       63%         4
 Summon Ice Beast         Ice/Summ       18%        N/A       63%         4
 Lehudib's Crystal Spear  Conj/Erth      16%        10d5      100%        8


Dungeon Overview and Level Annotations

Branches:
Dungeon (8/15)             Temple (0/1) D:6            Lair (1/5) D:8

Altars:
Fedhas
Gozag
Hepliaklqana
Makhleb
Nemelex Xobeh
Vehumet

Shops:
D:7 ([

Annotations:
D:1 1 runed translucent door
D:8 1 runed translucent door, Erica; pokeman's ghost, novice DEHW
Lair:1 3 runed translucent doors, Monkooky's ghost, journeyman MfGl; benadryl's ghost, journeyman DrCj


Message History

You feel a surge of power!
Flames lash the polar bear.
The polar bear is burned terribly!
You kill the polar bear!
Vehumet accepts your kill.
You feel your power returning.
Your Shields skill increases to level 5!
Your Spellcasting skill increases to level 10!
A four-headed hydra comes into view.
Casting: Scorch (safe; 1% risk of failure)
Confirm with . or Enter, or press ? or * to list all spells.
You feel a surge of power!
Flames lash the four-headed hydra.
The four-headed hydra roars!
The four-headed hydra is lightly wounded.
The four-headed hydra's fire resistance burns away.
Casting: Scorch (safe; 1% risk of failure)
Confirm with . or Enter, or press ? or * to list all spells.
You feel a surge of power!
Flames lash the four-headed hydra.
The four-headed hydra is burned terribly!
The four-headed hydra is moderately wounded.
You hear an angry hiss.
The four-headed hydra completely misses you.
The four-headed hydra bites you! The four-headed hydra bites you.
The four-headed hydra bites you!
Casting: Scorch (safe; 1% risk of failure)
Confirm with . or Enter, or press ? or * to list all spells.
You feel a surge of power!
Flames lash the four-headed hydra.
The four-headed hydra is burned terribly!
The four-headed hydra is heavily wounded.
You block the four-headed hydra's attack.
The four-headed hydra bites you. x2
* * * LOW HITPOINT WARNING * * *
The four-headed hydra bites you.
* * * LOW HITPOINT WARNING * * *
As you read the scroll of teleportation, it crumbles to dust.
You feel strangely unstable. The four-headed hydra bites you!
* * * LOW HITPOINT WARNING * * *
The four-headed hydra bites you but does no damage.
The four-headed hydra completely misses you.
The four-headed hydra bites you!
You die...

+.....# ......... #.....# .#
............. #.....# ..
............. #.....# .#
............ ##....# .#
........... ##....##
.######..P#.#... .#.....#
##..#.........#†.. ##.....##
###D.##.........+...
##......######..@.##.............
##.....'....#..####..........P...
##.....###.#.......#.........P...
##......#.+#+##....#.........#...
...................####.####.....
(................................
.................................
.................................
...............................


You could see a four-headed hydra (combustible).

Vanquished Creatures
  A death yak (D:8)
  A black mamba (Lair:1)
  A cane toad (Lair:1)
  2 komodo dragons (Lair:1)
  2 polar bears (Lair:1)
  Prince Ribbit (D:8)
  5 blink frogs (Lair:1)
  Sigmund (D:2)
  3 wyverns (Lair:1)
  A steam dragon (D:8)
  Edmund (D:5)
  6 water moccasins (Lair:1)
  3 orc warriors
  An ice beast (D:6)
  A black bear (D:8)
  3 centaurs
  2 ogres (D:6)
  2 phantoms
  2 bullfrogs
  A gnoll sergeant (D:7)
  4 scorpions
  9 wights
  4 howler monkeys
  2 jellies
  A gnoll bouda (D:7)
  4 orc priests
  A hound (D:5)
  Jessica (D:2)
  3 orc wizards
  A sleepcap (D:7)
  3 iguanas
  21 gnolls
  4 adders
  A river rat (D:8)
  5 white imps
  2 ufetubi
  3 worms
  5 dart slugs
  41 orcs
  8 ball pythons
  5 bats
  5 endoplasms
  A giant cockroach (D:4)
  6 goblins
  11 hobgoblins
  14 jackals
  7 kobolds
  3 quokkas
  A frilled lizard (D:3)
  2 rats
218 creatures vanquished.

Vanquished Creatures (collateral kills)
  4 foxfires
4 creatures vanquished.

Vanquished Creatures (others)
  696 foxfires
696 creatures vanquished.

Grand Total: 918 creatures vanquished

Notes
Turn   | Place    | Note
-------+----------+-------------------------------------------
     0 | D:1      | bobo the Deep Elf Fire Elementalist began the quest for the
                  | Orb.
     0 | D:1      | Reached XP level 1. HP: 10/10 MP: 6/6
     1 | D:1      | Found a runed translucent door.
   187 | D:1      | Reached XP level 2. HP: 16/16 MP: 1/8
   270 | D:1      | Learned a level 2 spell: Scorch
   476 | D:1      | Found a faded altar of an unknown god.
   617 | D:1      | Learned a level 2 spell: Blink
   929 | D:1      | Reached XP level 3. HP: 20/20 MP: 5/9
   972 | D:1      | Learned a level 2 spell: Momentum Strike
  1189 | D:2      | Found a radiant altar of Vehumet.
  1197 | D:2      | Became a worshipper of Vehumet
  1464 | D:2      | Noticed Sigmund
  1469 | D:2      | Killed Sigmund
  1470 | D:2      | Reached skill level 1 in Fighting
  1470 | D:2      | Reached skill level 4 in Spellcasting
  1470 | D:2      | Reached XP level 4. HP: 14/26 MP: 4/12
  1470 | D:2      | Reached XP level 5. HP: 16/30 MP: 4/13
  1474 | D:2      | Learned a level 3 spell: Inner Flame
  1673 | D:2      | Noticed Jessica
  1675 | D:2      | Killed Jessica
  2103 | D:3      | Reached skill level 1 in Hexes
  2105 | D:3      | Reached XP level 6. HP: 5/35 MP: 5/15
  2832 | D:3      | Learned a level 4 spell: Flame Wave
  2920 | D:4      | Reached * piety under Vehumet
  2920 | D:4      | Offered knowledge of Shock by Vehumet.
  3190 | D:4      | Reached skill level 5 in Spellcasting
  3292 | D:4      | Found a burning altar of Makhleb.
  3582 | D:4      | Learned a level 1 spell: Shock
  3618 | D:4      | Found an opulent altar of Gozag.
  3625 | D:4      | Reached XP level 7. HP: 27/40 MP: 8/16
  3739 | D:4      | Found a sparkling altar of Nemelex Xobeh.
  3905 | D:5      | Entered Level 5 of the Dungeon
  3908 | D:5      | Reached ** piety under Vehumet
  3999 | D:5      | Found a hazy altar of Hepliaklqana.
  4043 | D:5      | Offered knowledge of Sandblast by Vehumet.
  4078 | D:5      | Noticed Edmund
  4088 | D:5      | Killed Edmund
  4089 | D:5      | Reached skill level 5 in Fire Magic
  4831 | D:6      | Reached skill level 6 in Spellcasting
  5040 | D:6      | Found a staircase to the Ecumenical Temple.
  5059 | D:6      | Reached XP level 8. HP: 46/46 MP: 13/19
  5329 | D:6      | Reached skill level 5 in Conjurations
  5362 | D:6      | Offered knowledge of Hailstorm by Vehumet.
  5714 | D:6      | Reached skill level 7 in Spellcasting
  5923 | D:6      | Found a blossoming altar of Fedhas.
  5940 | D:6      | Reached skill level 5 in Translocations
  6062 | D:7      | Reached *** piety under Vehumet
  6066 | D:7      | Reached XP level 9. HP: 52/52 MP: 12/22
  6531 | D:7      | Offered knowledge of Olgreb's Toxic Radiance by Vehumet.
  6537 | D:7      | Learned a level 4 spell: Olgreb's Toxic Radiance
  6551 | D:7      | Reached skill level 8 in Spellcasting
  6864 | D:7      | Found Nyutz's Antique Weapon Boutique.
  6926 | D:7      | Found Lecef's Armour Emporium.
  6930 | D:7      | Bought a +0 buckler for 54 gold pieces
  7214 | D:8      | Reached skill level 1 in Shields
  7218 | D:8      | Reached skill level 1 in Poison Magic
  7334 | D:8      | Reached **** piety under Vehumet
  7408 | D:8      | Noticed a death yak
  7461 | D:8      | Killed a death yak
  7589 | D:8      | Found a runed translucent door.
  7589 | D:8      | Noticed pokeman's ghost (novice DEHW)
  7615 | D:8      | Noticed Erica
  7768 | D:8      | Noticed Prince Ribbit
  7774 | D:8      | Killed Prince Ribbit
  7775 | D:8      | Reached skill level 5 in Fighting
  7775 | D:8      | Reached XP level 10. HP: 59/59 MP: 18/24
  7962 | D:8      | Noticed a death yak
  7966 | D:8      | Noticed a death yak
  8208 | D:8      | Found a staircase to the Lair.
  8221 | Lair:1   | Entered Level 1 of the Lair of Beasts
  8377 | Lair:1   | Got the Guide on Lithic Alteration
  8389 | Lair:1   | Reached skill level 9 in Spellcasting
  8448 | Lair:1   | Noticed a cane toad
  8455 | Lair:1   | Killed a cane toad
  8668 | Lair:1   | Offered knowledge of Ignite Poison by Vehumet.
  8677 | Lair:1   | Learned a level 3 spell: Ignite Poison
  8879 | Lair:1   | Reached skill level 1 in Transmutations
  8954 | Lair:1   | Noticed a black mamba
  8963 | Lair:1   | Killed a black mamba
  9098 | Lair:1   | Found a runed translucent gate.
  9098 | Lair:1   | Found a runed translucent gate.
  9098 | Lair:1   | Found a runed translucent gate.
  9099 | Lair:1   | Noticed Monkooky's ghost (journeyman MfGl)
  9100 | Lair:1   | Noticed benadryl's ghost (journeyman DrCj)
  9151 | Lair:1   | Reached skill level 5 in Shields
  9151 | Lair:1   | Reached skill level 10 in Spellcasting
  9172 | Lair:1   | Noticed a four-headed hydra
  9176 | Lair:1   | HP: 1/60 [four-headed hydra (12)]
  9176 | Lair:1   | Mangled by a four-headed hydra

Illustrated notes

Levels and vault maps discovered:
D:1:      dpeg_arrival_caged_fury, layout_basic,
          shapermc_ecumenical_altar_mp_highgroup
D:2:      layout_basic, basic_altar, uniq_jessica, uniq_sigmund
D:3:      layout_loops_cross
D:4:      layout_basic, lemuel_tele_altar, grunt_temple_overflow_opulence,
          eino_curves_04
D:5:      layout_loops_ring, nicolae_hepliaklqana_hazy_memory, uniq_edmund
D:6:      layout_rooms, fedhas_altar_1, minmay_temple_entry_glassed_door,
          nicolae_wand_duel, minmay_door_square, minmay_manual_mess
D:7:      layout_basic, serial_shops, nicolae_shop_back_alley_shop, shop,
          grunt_decor_junction
D:8:      layout_gridville, dpeg_lair_monsters, hellmonk_ghost_happy_afterlife,
          uniq_pikel, uniq_maurice, uniq_prince_ribbit1, uniq_erica
Lair:1:   dreamdust_isle_of_ice, layout_regular_city, gammafunk_ghost_cemetery,
          serial_bayou_pond_a, pdpol_lair_cavern_descent

Skill      XL: |  1  2  3  4  5  6  7  8  9 10 |
---------------+-------------------------------+-----
Conjurations   | 2 3 4 5 6 7 |  7.8
Fighting       | 1 2 3 4 5 |  5.8
Spellcasting   | 4 5 6 7 8 10 | 10.0
Translocations | 2 3 5 |  5.0
Fire Magic     | 4 5 6 7 |  7.5
Hexes          | 1 2 3 |  3.7
Shields        | 2 5 |  5.0
Poison Magic   | 2 4 |  4.5
Transmutations | 2 |  2.1
Dodging        | |  2.4
Stealth        | |  2.4

Action                     |  1- 3 |  4- 6 |  7- 9 | 10-12 || total
---------------------------+-------+-------+-------+-------++-------
  Melee: Unarmed           |     2 |       |       |       ||     2
         Staff             |       |       |     5 |     2 ||     7
         Dagger            |       |       |     1 |       ||     1
  Throw: Throwing net      |       |       |     1 |       ||     1
   Cast: Foxfire           |    58 |   100 |   192 |    66 ||   416
         Scorch            |     5 |    16 |    52 |    33 ||   106
         Blink             |       |     1 |     7 |     3 ||    11
         Momentum Strike   |       |     1 |     1 |       ||     2
         Inner Flame       |       |     2 |    15 |       ||    17
         Shock             |       |       |    23 |       ||    23
         Flame Wave        |       |       |     1 |     3 ||     4
         Olgreb's Toxic Ra |       |       |       |     5 ||     5
         Ignite Poison     |       |       |       |     1 ||     1
    Use: Scroll            |       |     2 |     9 |     1 ||    12
 Armour: Robe              |     2 |     4 |    12 |     8 ||    26
  Dodge: Dodged            |     2 |     4 |    13 |     7 ||    26
  Block: Buckler           |       |       |     1 |     5 ||     6

Table legend: (Time is in decaauts)
 A = Elapsed time spent in this place.
 B = Non-inter-level travel time spent in this place.
 C = Inter-level travel time spent in this place.
 D = Time resting spent in this place.
 E = Time spent auto-exploring this place.
 F = Levels seen in this place.
 G = Mean time per level.
                   A        B        C        D        E       F      G
               +--------+--------+--------+--------+--------+-----+--------+
         Total |   9195 |   8839 |    356 |    374 |   7096 |   9 | 1021.7 |
       Dungeon |   8240 |   7884 |    356 |    374 |   6279 |   8 | 1030.0 |
          Lair |    955 |    955 |      0 |      0 |    817 |   1 |  955.0 |
               +--------+--------+--------+--------+--------+-----+--------+

Top non-repeatable levels by time:
     D:6: 1307 daAuts
     D:7: 1250 daAuts
     D:3: 1206 daAuts
     D:1: 1069 daAuts
  Lair:1: 955 daAuts
     D:5: 918 daAuts
     D:4: 918 daAuts
     D:8: 857 daAuts
     D:2: 711 daAuts
